 Dungeon Sprint DCSS version 0.20-a0-1121-gbb42413 (webtiles) character file.

11106 potatolord6000 the Severer (level 11, -6/121 HPs)
             Began as a Minotaur Gladiator on May 10, 2017.
             Was an Initiate of Gozag.
             Mangled by an orc warrior
             ... wielding a +0 glaive
              (22 damage)
             ... in the Dungeon (Sprint IX: "|||||||||||||||||||||||||||||").
             The game lasted 00:07:47 (1548 turns).

potatolord6000 the Severer (Minotaur Gladiator)     Turns: 1548, Time: 00:07:47

Health: -6/121     AC: 33    Str: 26    XL:     11   Next: 45%
Magic:  10/10      EV: 12    Int:  5    God:    Gozag
Gold:   2258       SH:  0    Dex: 16    Spells: 10/10 levels left

rFire    . . .     SeeInvis .   u - +11 broad axe "Pihop" {protect, +Rage +Fly Str+5}
rCold    . . .     Gourm    .   (no shield)
rNeg     + . .     Faith    .   y - +3 plate armour {rN+}
rPois    .         Spirit   .   c - +0 hat
rElec    .         Reflect  .   w - +0 cloak
rCorr    .         Harm     .   a - +0 pair of gloves
MR       .....     NoTele   +   x - +0 pair of boots
Stlth    ..........             (no amulet)
Regen    0.3/turn               b - +2 ring of evasion
MPRegen  0.2/turn               q - +3 ring of dexterity

@: lethally poisoned (-6 -> -9), gold aura, protection aura
A: retaliatory headbutt, horns 2
a: Potion Petition, Call Merchant, Bribe Branch, Renounce Religion, Evoke
Berserk Rage, Evoke Flight


You were in the Dungeon.
You worshipped Gozag.
Gozag was most pleased with you.
You were very full.

You visited 1 branch You collected 5790 gold pieces.
You spent 1008 gold pieces at shops.
You paid 2524 gold pieces to Gozag.

Inventory:

Hand Weapons
 u - the +11 broad axe "Pihop" (weapon) {protect, +Rage +Fly Str+5}
   (You bought it in a shop in the Dungeon)

   It protects the one who uses it against injury (+AC on strike).
   It affects your strength (+5).
   It lets you fly.
   It lets you go berserk.
Armour
 a - a +0 pair of gloves (worn)
 c - a +0 hat (worn)
 w - a +0 cloak (worn)
 x - a +0 pair of boots (worn)
 y - a +3 plate armour of positive energy (worn)
Jewellery
 b - a +2 ring of evasion (left hand)
 q - a +3 ring of dexterity (right hand)
Wands
 n - a wand of lightning (7/15)
Scrolls
 k - 2 scrolls of blinking
 l - 4 scrolls of remove curse
 m - 2 scrolls of amnesia
 s - 3 scrolls of identify
 t - a scroll of fog
Potions
 d - a potion of invisibility
 e - 2 potions of curing
 g - 4 potions of heal wounds
 h - 2 potions of haste
 i - 4 potions of magic
 j - a potion of resistance
 r - a potion of might
Comestibles
 f - 13 bread rations
 o - 12 meat rations
 v - 40 fruits


   Skills:
 + Level 18.6 Fighting
 + Level 18.8 Axes
 - Level 2.0 Throwing
 + Level 18.4 Armour
 - Level 3.2 Dodging


You had 10 spell levels left.
You didn't know any spells.

Dungeon Overview and Level Annotations

Branches:
Dungeon (1/1)

Altars:
Cheibriados
Dithmenos
Elyvilon
Fedhas
Gozag
Hepliaklqana
Kikubaaqudgha
Makhleb
Nemelex Xobeh
Okawaru
Qazlal
Ru
Sif Muna
Trog
Uskayaw
Vehumet
Wu Jian
Xom
Yredelemnul
Zin
The Shining One
Beogh
Jiyva
Lugonu

Shops:
D [(=


Innate Abilities, Weirdness & Mutations

You reflexively headbutt those who attack you in melee.
You have a pair of horns on your head.


Message History

The orc warrior is moderately wounded.
You feel sick. The orc warrior hits you with a flail!
The orc warrior hits you from afar with a glaive!!
* * * LOW HITPOINT WARNING * * *
Unknown command.
You barely miss the orc warrior. You headbutt the orc warrior.
The orc warrior is moderately wounded.
You feel sick. The orc warrior barely misses you.
You slash the orc warrior!
The orc warrior is severely wounded.
The orc warrior closely misses you.
Unknown command.
Unknown command.
You slash the orc warrior!
You kill the orc warrior!
You feel sick.
Unknown command.
The orc warrior hits you with a glaive!!
You die...
Your body crumbles into a pile of gold. ▓▓▓▓▓▓▓▓▓▓▓▓▓▓▓▓▓▓▓▓▓▓▓▓ ∩).))[[[...$$$$$@ooooo$$ $$$$$

$
▓▓▓▓▓▓▓▓▓▓▓▓▓▓▓▓▓▓▓▓▓▓▓▓▓▓▓▓▓▓▓▓▓
.........................).(.(.((
▓▓▓▓▓▓▓▓▓▓▓▓▓▓▓▓▓▓▓▓▓▓▓▓▓▓▓▓▓▓▓▓▓
.....'.....∩...'.........'.......
▓▓▓▓▓▓▓▓▓▓▓▓▓▓▓▓▓▓▓▓▓▓▓▓▓▓▓▓▓▓▓▓▓
.................................
▓▓▓▓▓▓▓▓▓▓▓▓▓▓▓▓▓▓▓▓▓▓▓▓▓▓▓▓▓▓▓▓▓
'________________________'..|)[.[


You could see an orc knight, 3 orc warriors and an orc.

Vanquished Creatures
  A dire elephant (D)
  2 hydras (D)
  3 orc knights (D)
  An orc sorcerer (D)
  A deep elf mage (D)
  8 elephants (D)
  Joseph (D)
  A spiny frog (D)
  2 komodo dragons (D)
  A rime drake (D)
  A troll (D)
  A blink frog (D)
  2 hippogriffs (D)
  A yak (D)
  A water moccasin (D)
  3 porcupines (D)
  A phantom (D)
  5 orc warriors (D)
  A sky beast (D)
  A centaur (D)
  2 crocodiles (D)
  3 bullfrogs (D)
  A scorpion (D)
  A killer bee (D)
  A quasit (D)
  7 orc priests (D)
  3 orc wizards (D)
  An adder zombie (D)
  A leopard gecko (D)
  2 orcs (D)
  2 bat skeletons (D)
  2 giant cockroaches (D)
  A goblin (D)
  A kobold (D)
  2 bats (D)
  A giant cockroach zombie (D)
69 creatures vanquished.

Notes
Turn   | Place    | Note
-------+----------+-------------------------------------------
     0 | D        | potatolord6000 the Minotaur Gladiator began the quest for the Orb.
     0 | D        | Reached XP level 1. HP: 18/18 MP: 0/0
     7 | D        | Reached skill level 1 in Armour
    52 | D        | Noticed a centaur
    56 | D        | Reached XP level 2. HP: 26/27 MP: 1/1
    60 | D        | Killed a centaur
    60 | D        | Reached skill level 5 in Armour
    60 | D        | Reached XP level 3. HP: 20/38 MP: 2/2
    60 | D        | Reached XP level 4. HP: 24/45 MP: 3/3
    78 | D        | Found a roughly hewn altar of Beogh.
    78 | D        | Found a snail-covered altar of Cheibriados.
    78 | D        | Found a shadowy altar of Dithmenos.
    78 | D        | Found a white marble altar of Elyvilon.
    78 | D        | Found a blossoming altar of Fedhas.
    78 | D        | Found an opulent altar of Gozag.
    79 | D        | Found a hazy altar of Hepliaklqana.
    80 | D        | Found a viscous altar of Jiyva.
    81 | D        | Found an ancient bone altar of Kikubaaqudgha.
    82 | D        | Found a corrupted altar of Lugonu.
    83 | D        | Found a burning altar of Makhleb.
    84 | D        | Found a sparkling altar of Nemelex Xobeh.
    85 | D        | Found an iron altar of Okawaru.
    86 | D        | Became a worshipper of Gozag Ym Sagoz the Greedy
    87 | D        | Found a stormy altar of Qazlal.
    88 | D        | Found a sacrificial altar of Ru.
    89 | D        | Found a deep blue altar of Sif Muna.
    90 | D        | Found a bloodstained altar of Trog.
    91 | D        | Found a hide-covered altar of Uskayaw.
    92 | D        | Found a radiant altar of Vehumet.
    93 | D        | Found an ornate altar of the Wu Jian Council.
    94 | D        | Found a shimmering altar of Xom.
    95 | D        | Found a basalt altar of Yredelemnul.
    96 | D        | Found a glowing silver altar of Zin.
    97 | D        | Found a glowing golden altar of the Shining One.
   199 | D        | Noticed a bullfrog
   199 | D        | Noticed a yak
   199 | D        | Noticed a sky beast
   199 | D        | Noticed a troll
   202 | D        | Killed a bullfrog
   202 | D        | Reached XP level 5. HP: 52/52 MP: 4/4
   211 | D        | Killed a yak
   211 | D        | Reached XP level 6. HP: 63/63 MP: 5/5
   212 | D        | Killed a sky beast
   212 | D        | Reached skill level 10 in Fighting
   212 | D        | Reached skill level 10 in Axes
   218 | D        | Killed a troll
   218 | D        | Reached skill level 10 in Armour
   218 | D        | Reached XP level 7. HP: 73/73 MP: 6/6
   307 | D        | Noticed a deep elf mage
   310 | D        | Killed a deep elf mage
   310 | D        | Reached XP level 8. HP: 79/83 MP: 7/7
   469 | D        | Noticed a six-headed hydra
   469 | D        | Noticed a komodo dragon
   475 | D        | Noticed a rime drake
   476 | D        | Killed a nine-headed hydra
   476 | D        | Reached XP level 9. HP: 92/94 MP: 8/8
   487 | D        | Killed a komodo dragon
   495 | D        | Killed a rime drake
   497 | D        | Reached skill level 15 in Axes
   515 | D        | Bought a faintly glowing broad axe for 252 gold pieces
   515 | D        | Bought a pitted broad axe for 252 gold pieces
   515 | D        | Identified the +11 broad axe "Pihop" {protect, +Rage +Fly Str+5} (You bought it in a shop in the Dungeon)
   516 | D        | Identified the +7 broad axe of Huvav {chop, Int+5} (You bought it in a shop in the Dungeon)
   746 | D        | Noticed a komodo dragon
   746 | D        | Noticed a spiny frog
   751 | D        | Noticed an elephant
   752 | D        | Reached skill level 15 in Fighting
   753 | D        | Noticed a four-headed hydra
   754 | D        | Killed a komodo dragon
   754 | D        | Reached skill level 15 in Armour
   763 | D        | Killed a spiny frog
   763 | D        | Reached XP level 10. HP: 61/106 MP: 9/9
   771 | D        | Killed an elephant
   780 | D        | Killed an 11-headed hydra
  1015 | D        | Noticed an elephant
  1015 | D        | Noticed an elephant
  1015 | D        | Noticed an elephant
  1015 | D        | Noticed an elephant
  1015 | D        | Noticed an elephant
  1015 | D        | Noticed an elephant
  1022 | D        | Killed an elephant
  1024 | D        | Noticed a dire elephant
  1026 | D        | Killed an elephant
  1031 | D        | Killed an elephant
  1032 | D        | Noticed an elephant
  1039 | D        | Killed an elephant
  1047 | D        | Killed an elephant
  1053 | D        | Killed an elephant
  1060 | D        | Killed a dire elephant
  1060 | D        | Reached XP level 11. HP: 47/117 MP: 10/10
  1260 | D        | Noticed Joseph
  1267 | D        | Killed Joseph
  1336 | D        | Noticed an orc knight
  1352 | D        | Killed an orc knight
  1397 | D        | Bought a +3 plate armour of positive energy for 504 gold pieces
  1510 | D        | Noticed an orc knight
  1510 | D        | Noticed an orc sorcerer
  1515 | D        | Noticed a sixfirhy
  1517 | D        | Killed an orc knight
  1519 | D        | Noticed an orc knight
  1532 | D        | Killed an orc sorcerer
  1536 | D        | Noticed an orc knight
  1538 | D        | Killed an orc knight
  1548 | D        | Mangled by an orc warrior

Vault maps used:
D:        linesprint

Skill      XL: |  1  2  3  4  5  6  7  8  9 10 11 |
---------------+----------------------------------+-----
Armour         | 2 5 7 8 10 11 13 15 17 18 | 18.4
Fighting       | 3 6 7 9 10 12 13 15 17 18 | 18.6
Axes           | 4 7 8 9 11 12 13 15 17 18 | 18.8
Throwing       | |  2.0
Dodging        | |  3.2

Action                   |  1- 3 |  4- 6 |  7- 9 | 10-12 || total
-------------------------+-------+-------+-------+-------++-------
Melee: War axe           |    14 |    15 |    48 |       ||    77
       Headbutt          |     2 |     2 |    16 |    34 ||    54
       Broad axe         |       |       |    14 |   121 ||   135
Invok: Call Merchant     |       |       |     1 |     2 ||     3
  Use: Potion            |       |     2 |       |     4 ||     6
       Scroll            |       |       |     2 |       ||     2
 Stab: Distracted        |       |       |     1 |     1 ||     2
  Eat: Bread ration      |       |       |       |     1 ||     1
       Meat ration       |       |       |       |     1 ||     1
Armor: Leather armour    |     3 |       |       |       ||     3
       Chain mail        |       |     9 |    25 |    47 ||    81
       Plate armour      |       |       |       |     7 ||     7
Dodge: Dodged            |    11 |     3 |    22 |    50 ||    86
